 Dungeon Crawl Stone Soup version 0.30.1-11-g7821555f0a (webtiles) character file.

Game seed: 9193166422314251152

2886 MiddleoftheRoad the Magician (level 9, -13/43 HPs)
             Began as a Spriggan Fire Elementalist on Dec 10, 2023.
             Was a Priest of Qazlal.
             Mangled by a gnoll sergeant
             ... wielding a +0 halberd
              (23 damage)
             ... in a bailey on Dec 11, 2023.
             The game lasted 00:29:42 (6246 turns).

MiddleoftheRoad the Magician (SpFE)                 Turns: 6246, Time: 00:29:43

Health: -13/43     AC:  3    Str:  6    XL:     9   Next: 48%
Magic:  18/29      EV: 20    Int: 19    God:    Qazlal [***...]
Gold:   524        SH:  4    Dex: 21    Spells: 5/22 levels left

rFire   . . .        g - +7 long sword (distort)
rCold   . . .        f - orb {mayhem}
rNeg    . . .        n - +1 robe {Will+}
rPois   .            (helmet restricted)
rElec   +            (no cloak)
rCorr   .            (gloves unavailable)
SInv    +            (boots unavailable)
Will    ++...        d - amulet of regeneration
Stlth   ++           h - ring "Gev Inti" {rElec Dex+6}
HPRegen 1.07/turn    t - ring of magical power
MPRegen 0.21/turn

%: mayhem
@: very quick
A: very small, no large weapons, unfitting armour, see invisible, speed 3
a: Renounce Religion, Upheaval, Elemental Force


You were in a bailey.
You worshipped Qazlal.
Qazlal was most pleased with you.
You visited 2 branches of the dungeon, and saw 9 of its levels.
You also visited: Ossuary and Bailey.

You collected 584 gold pieces.
You spent 60 gold pieces at shops.

Inventory:

Hand Weapons
 g - a +7 long sword of distortion (weapon)
Missiles
 J - 5 throwing nets (quivered)
Armour
 a - a +0 robe
 f - an orb of mayhem (worn)
 n - a +1 robe of willpower (worn)
Jewellery
 d - an amulet of regeneration (around neck)
 h - the ring "Gev Inti" (left hand) {rElec Dex+6}
   (You acquired it on level 3 of the Dungeon)

   [ring of dexterity]

   Dex:       It affects your dexterity (+6).
   rElec:     It insulates you from electricity.
 t - a ring of magical power (right hand)
 y - a +6 ring of strength
Wands
 e - a wand of flame (5)
 i - a wand of light (4)
 o - a wand of iceblast (6)
Scrolls
 c - 2 scrolls of magic mapping
 p - a scroll of silence
 r - a scroll of teleportation
 s - a scroll of vulnerability
 v - a scroll of blinking
 z - a scroll of amnesia
 B - a scroll of noise
 C - 2 scrolls of summoning
 G - a scroll of fog {unknown}
 H - a scroll of immolation {unknown}
 I - a scroll of fear {unknown}
Potions
 j - a potion of brilliance
 k - a potion of haste
 l - 2 potions of cancellation
 m - 4 potions of curing
 q - a potion of berserk rage {unknown}
 u - 2 potions of degeneration {unknown}
 x - 2 potions of heal wounds {unknown}
 A - 2 potions of mutation {unknown}
 D - a potion of attraction {unknown}
 E - a potion of resistance {unknown}
 F - a potion of ambrosia {unknown}


   Skills:
 * Level 2.9 Fighting
 * Level 2.0 Long Blades
 * Level 2.0 Throwing
 * Level 1.9 Armour
 * Level 5.0 Dodging
 * Level 5.9 Stealth
 + Level 0.1 Shields
 * Level 7.3 Spellcasting
 * Level 2.6 Conjurations
 * Level 2.6 Hexes
 * Level 4.2 Translocations
 * Level 1.4 Transmutations
 * Level 5.0 Fire Magic
 * Level 1.4 Earth Magic
 * Level 2.6 Invocations
 * Level 3.5 Evocations


You had 5 spell levels left.
You knew the following spells:

 Your Spells              Type           Power      Damage    Failure   Level
a - Foxfire               Conj/Fire      84%        2x1d8     1%          1
b - Scorch                Fire           52%        2d7       1%          2
c - Flame Wave            Conj/Fire      21%        2d8       21%         4
d - Inner Flame           Hex/Fire       21%        N/A       6%          3
e - Lesser Beckoning      Tloc           44%        N/A       2%          2
f - Stone Arrow           Conj/Erth      28%        3d8       13%         3
g - Passwall              Tmut/Erth      10%        N/A       9%          2

Your spell library contained the following spells:

 Spells                   Type           Power      Damage    Failure   Level
 Magic Dart               Conj           68%        1d6       3%          1
 Volatile Blastmotes      Fire/Tloc      48%        2d14      4%          3
 Sandblast                Erth           24%        2d8       5%          1
 Gell's Gravitas          Tloc           22%        N/A       5%          3
 Teleport Other           Tloc           22%        N/A       5%          3
 Call Imp                 Summ           12%        N/A       16%         2
 Mephitic Cloud           Conj/Pois/Air  10%        N/A       21%         3
 Animate Armour           Summ/Erth      18%        N/A       58%         4
 Lehudib's Crystal Spear  Conj/Erth      7%         10d3      100%        8


Dungeon Overview and Level Annotations

Branches:
Dungeon (8/15)             Temple (1/1) D:5         Ossuary (visited)
 Bailey (1/1)
   Lair: D:8-11

Altars:
Ashenzari
Cheibriados
Dithmenos
Elyvilon
Fedhas
Gozag
Hepliaklqana
Kikubaaqudgha
Makhleb
Nemelex Xobeh
Okawaru
Qazlal
Ru
Sif Muna
Vehumet
Wu Jian
Xom
Yredelemnul
Zin

Shops:
D:5 *


Innate Abilities, Weirdness & Mutations

You are very small and have problems with some larger weapons.
You are too small for most types of armour.
You have supernaturally acute eyesight. (SInv)
You cover ground extremely quickly. (Speed+++)


Message History

Your orc dies!
Your orc's corpse dissolves into shadows!
Things that are here:
a +0 halberd; a +0 ring mail The gnoll sergeant shouts!
Things that are here:
a +0 halberd; a +0 ring mail; a gnoll corpse The gnoll sergeant hits something with a +0 halberd!!
Things that are here:
a +0 halberd; a +0 ring mail
Casting: Scorch (safe; 1% risk of failure)
Confirm with . or Enter, or press ? or * to list all spells.
You can't see any susceptible monsters within range! (Use Z to cast anyway.) Unknown command.
The gnoll sergeant hits the gnoll sergeant with a +0 halberd!
The gnoll sergeant dies!
Qazlal accepts your kill.
Your Throwing skill increases to level 2!
There is an open door, spattered with blood here.
Casting: Scorch (safe; 1% risk of failure)
Confirm with . or Enter, or press ? or * to list all spells.
You can't see any susceptible monsters within range! (Use Z to cast anyway.) Unknown command.
The gnoll sergeant shouts!
There is an open door, spattered with blood here.
Casting: Scorch (safe; 1% risk of failure)
Confirm with . or Enter, or press ? or * to list all spells.
Flames lash the gnoll sergeant.
The gnoll sergeant is almost dead.
The gnoll sergeant's fire resistance burns away.
The gnoll sergeant completely misses you.
Casting: Scorch (safe; 1% risk of failure)
Confirm with . or Enter, or press ? or * to list all spells.
Flames lash the gnoll sergeant.
The gnoll sergeant is almost dead.
The gnoll sergeant hits you from afar with a +0 halberd!!
* * * LOW HITPOINT WARNING * * *
The gnoll sergeant hits you from afar with a +0 halberd!!
Ouch! That really hurt!
You die...

...≈≈♣♣ #..≈.♣ #..≈.♣♣ #
#..≈..♣ #. ##### #..≈..♣ #..
##...## #..≈..♣♣
..##'###.....######..≈...♣♣
.....g#......§#...'.......♣♣♣#
......')..8g.@')).)).....∩..∩#
.#).....†#.†)').))...♣♣♣#
##...((######))≈÷..♣♣ ##...##
#.)≈.).♣ ##### #.)≈)..♣
#..≈..♣♣ #..≈.♣♣ #..≈.♣
#...≈≈♣♣


You could see a neutral gnoll sergeant (fast, strong, insane, combustible).

Vanquished Creatures
  Sigmund (D:2)
  A wyvern (D:7)
  A wraith (Ossuary)
  An ice beast (D:6)
  5 wolves (Bailey)
  3 ogres
  A phantom (D:4)
  A bullfrog (D:4)
  7 gnoll sergeants (Bailey)
  A scorpion (D:4)
  2 howler monkeys
  A jelly (D:5)
  5 hounds
  2 orc priests
  A sleepcap (D:5)
  2 gnoll boudas (Bailey)
  4 iguanas
  An orc wizard (D:3)
  2 mummies (Ossuary)
  Robin (D:2)
  9 gnolls (Bailey)
  8 adders
  2 ufetubi (D:5)
  2 worms
  3 dart slugs
  13 orcs
  3 bats
  7 endoplasms
  3 giant cockroaches
  A gnoll zombie (Ossuary)
  13 goblins
  7 hobgoblins
  7 jackals
  4 kobolds
  5 quokkas
  13 ball pythons
  A frilled lizard (D:3)
  2 goblin zombies (Ossuary)
  5 hobgoblin zombies (Ossuary)
  2 kobold zombies (Ossuary)
  10 rats
163 creatures vanquished.

Vanquished Creatures (collateral kills)
  A gnoll sergeant (Bailey)
  A gnoll bouda (Bailey)
  An orc wizard (D:5)
  An orc (D:4)
  3 goblins (D:2)
  2 hobgoblins (D:2)
  A jackal (D:3)
  A foxfire (Bailey)
11 creatures vanquished.

Vanquished Creatures (others)
  A wolf (Bailey)
  A howler monkey (D:8)
  A goblin (D:2)
  45 foxfires
48 creatures vanquished.

Grand Total: 222 creatures vanquished

Notes
Turn   | Place    | Note
-------+----------+-------------------------------------------
     0 | D:1      | MiddleoftheRoad the Spriggan Fire Elementalist began the
                  | quest for the Orb.
     0 | D:1      | Reached XP level 1. HP: 9/9 MP: 5/5
   345 | D:1      | Reached XP level 2. HP: 14/14 MP: 1/6
   350 | D:1      | Learned a level 2 spell: Scorch
   412 | D:2      | Noticed Sigmund
   445 | D:2      | Killed Sigmund
   446 | D:2      | Reached skill level 1 in Fighting
   446 | D:2      | Reached skill level 3 in Spellcasting
   446 | D:2      | Reached skill level 1 in Conjurations
   446 | D:2      | Reached XP level 3. HP: 4/18 MP: 0/9
   446 | D:2      | Reached XP level 4. HP: 5/22 MP: 0/10
   446 | D:2      | Reached XP level 5. HP: 6/25 MP: 0/11
   531 | D:2      | Learned a level 4 spell: Flame Wave
   535 | D:2      | Learned a level 3 spell: Inner Flame
   570 | D:3      | Identified a scroll of acquirement
   570 | D:3      | Acquired an amulet of regeneration
   589 | D:3      | Acquired the ring "Gev Inti" {rElec Dex+6}
   592 | D:3      | Acquired a +6 long sword of distortion
   792 | D:4      | Reached skill level 4 in Spellcasting
   804 | D:4      | Learned a level 2 spell: Lesser Beckoning
   806 | D:4      | Identified the +1 mace of the Gnat {speed, rN+ Str+2 SInv}
   841 | D:4      | Noticed an ogre
   855 | D:4      | Killed an ogre
   856 | D:4      | Reached skill level 1 in Armour
   856 | D:4      | Reached skill level 1 in Hexes
   856 | D:4      | Reached skill level 1 in Translocations
   856 | D:4      | Reached skill level 1 in Evocations
   856 | D:4      | Reached XP level 6. HP: 21/30 MP: 2/13
  1086 | D:5      | Entered Level 5 of the Dungeon
  1097 | D:5      | Found Jorokou Heol's General Store.
  1179 | D:5      | Bought a scroll of identify for 24 gold pieces
  1179 | D:5      | Bought a potion of curing for 36 gold pieces
  1275 | D:5      | Reached XP level 7. HP: 29/33 MP: 11/14
  1278 | D:5      | Reached skill level 1 in Long Blades
  1291 | D:5      | Found a staircase to the Ecumenical Temple.
  1305 | Temple   | Entered the Ecumenical Temple
  1422 | Temple   | Became a worshipper of Qazlal Stormbringer
  2459 | D:4      | Reached skill level 5 in Spellcasting
  3253 | D:3      | Reached * piety under Qazlal
  3287 | D:3      | Reached skill level 5 in Stealth
  3607 | D:3      | Found a shimmering blue altar of Sif Muna.
  3679 | D:3      | Learned a level 3 spell: Stone Arrow
  4018 | D:2      | Reached XP level 8. HP: 38/38 MP: 16/16
  4283 | D:2      | Noticed Robin
  4290 | D:2      | Killed Robin
  4290 | D:2      | Reached ** piety under Qazlal
  4503 | D:2      | Learned a level 2 spell: Passwall
  5173 | D:6      | Identified the +0 chain mail "Gugaojo" {rF+ Int+2}
  5183 | D:6      | Reached skill level 1 in Invocations
  5226 | D:6      | Reached skill level 1 in Earth Magic
  5229 | D:6      | Reached skill level 1 in Throwing
  5253 | D:6      | Found a sand-covered staircase.
  5258 | Ossuary  | Entered an ossuary
  5329 | Ossuary  | Acquired a book of Minor Magic
  5761 | D:7      | Found a sparkling altar of Nemelex Xobeh.
  5798 | D:7      | Reached skill level 1 in Transmutations
  5896 | D:8      | Found a radiant altar of Vehumet.
  5908 | D:8      | Found a flagged portal.
  5923 | Bailey   | Entered a bailey
  5931 | Bailey   | Reached *** piety under Qazlal
  5994 | Bailey   | Reached XP level 9. HP: 43/43 MP: 5/18
  6066 | Bailey   | Reached skill level 6 in Spellcasting
  6115 | Bailey   | Reached skill level 5 in Dodging
  6163 | Bailey   | Reached skill level 5 in Fire Magic
  6171 | Bailey   | Reached skill level 7 in Spellcasting
  6246 | Bailey   | Mangled by a gnoll sergeant

Illustrated notes

Levels and vault maps discovered:
D:1:      onia_arrival_pentagram, layout_basic, hex_intersection
D:2:      layout_rooms, uniq_sigmund, uniq_robin
D:3:      layout_loops_ring, general_overflow_altar
D:4:      layout_basic
D:5:      layout_loops_corners, minmay_temple_entry_glass, serial_shops,
          nicolae_shop_tiny_waterfront, kennysheep_generic_room_9
D:6:      layout_loops_cross, mainiacjoe_overflow_concentric_impassable,
          enter_ossuary_5
D:7:      layout_basic, bloody_trog, nemelex_dance_club_becter, minmay_nine_imps
D:8:      layout_basic, mainiacjoe_overflow_boulevard, enter_bailey_1,
          nicolae_sextant, serial_bayou_pond_b
Temple:   kb_temple_of_zot
Bailey:   bailey_polearm_gnolls_kennysheep, bailey

Skill      XL: |  1  2  3  4  5  6  7  8  9 |
---------------+----------------------------+-----
Fighting       | 1 2 |  2.9
Dodging        | 3 4 5 |  5.0
Spellcasting   | 3 4 5 7 |  7.3
Conjurations   | 1 2 |  2.6
Fire Magic     | 3 4 5 |  5.0
Stealth        | 4 5 |  5.9
Armour         | 1 |  1.9
Hexes          | 1 2 |  2.6
Translocations | 1 3 4 |  4.2
Evocations     | 1 2 3 |  3.5
Long Blades    | 1 2 |  2.0
Invocations    | 1 2 |  2.6
Earth Magic    | 1 |  1.4
Throwing       | 1 2 |  2.0
Transmutations | 1 |  1.4
Shields        | |  0.1

Action                     |  1- 3 |  4- 6 |  7- 9 || total
---------------------------+-------+-------+-------++-------
  Melee: Long sword        |       |    31 |    73 ||   104
  Throw: Boomerang         |       |       |   106 ||   106
         Throwing net      |       |       |     1 ||     1
   Cast: Foxfire           |    17 |     4 |    13 ||    34
         Scorch            |     4 |    19 |    76 ||    99
         Inner Flame       |       |       |    16 ||    16
         Stone Arrow       |       |       |     1 ||     1
         Flame Wave        |       |       |     1 ||     1
  Evoke: Wand              |     3 |       |    16 ||    19
    Use: Scroll            |     1 |     6 |    18 ||    25
         Potion            |       |       |     1 ||     1
   Stab: Sleeping          |       |     4 |     4 ||     8
         Distracted        |       |       |     1 ||     1
         Invisible         |       |       |     1 ||     1
 Armour: Robe              |     2 |     2 |     7 ||    11
  Dodge: Dodged            |    13 |    57 |    91 ||   161
  Block: Orb               |       |       |     9 ||     9
